 Dungeon Crawl Stone Soup version 0.31-a0-841-g038b102fc3 (webtiles) character file.

Game seed: 13181359641366296706

43 riojii the Ruffian (level 3, 26/26 HPs)
             Began as a Demonspawn Shapeshifter on Sept 27, 2023.
             Quit the game on level 2 of the Dungeon.
             The game lasted 00:01:05 (1135 turns).

riojii the Ruffian (Demonspawn Shapeshifter)        Turns: 1135, Time: 00:01:06

Health: 26/26      AC:  2    Str: 16    XL:     3   Next: 37%
Magic:  3/3        EV: 12    Int: 11    God:
Gold:   32         SH:  0    Dex: 12    Spells: 2/2 levels left

rFire   . .          .
                       - Unarmed
rCold   . . .        (no shield)
rNeg    . . .        a - +0 animal skin
rPois   .            (helmet currently unavailable)
rElec   .            (cloak currently unavailable)
rCorr   .            (gloves currently unavailable)
SInv    .            (boots currently unavailable)
Will    .....        g - amulet of guardian spirit
Stlth   +            (no ring)
HPRegen 0.24/turn    (no ring)
MPRegen 0.08/turn

%: guardian spirit
@: beast-form
A: beast (slay +1), antennae 1, weakness stinger 1
a: Begin Untransformation


You were on level 2 of the Dungeon.
You were a hulking beast.
You visited 1 branch of the dungeon, and saw 2 of its levels.

You collected 32 gold pieces.

Inventory:

Armour
 a - a +0 animal skin (worn)
Jewellery
 g - an amulet of guardian spirit (around neck)
Talismans
 c - a beast talisman (active)
Scrolls
 d - 2 scrolls of identify {unknown}
 e - a scroll of poison {unknown}
Potions
 b - a potion of lignification
 f - a potion of curing {unknown}
 h - a potion of brilliance {unknown}
 i - a potion of heal wounds {unknown}
 j - a potion of ambrosia {unknown}


   Skills:
 + Level 1.6 Fighting
 + Level 2.2 Dodging
 * Level 3.3 Unarmed Combat
 + Level 2.9 Shapeshifting


You had 2 spell levels left.
You didn't know any spells.
Your spell library was empty.

Dungeon Overview and Level Annotations

Branches:
Dungeon (2/15)

Altars:


Innate Abilities, Weirdness & Mutations

You are a hulking beast.
Your limbs bulge with bestial killing power. (Slay +1)
You have a pair of small antennae on your head.
You have a small tail.


Message History

A kobold comes into view. It is wielding a +0 short sword.
Found a scroll labelled HIVUSK RUOVECESU.
The kobold hits you with a +0 dagger. The ball python barely misses you.
The ball python grabs you. The ball python constricts you.
You barely miss the ball python. The ball python barely misses you.
The ball python constricts you. The kobold closely misses you.
You barely miss the ball python. You tail-slap the ball python.
You kill the ball python!
The kobold hits you with a +0 dagger.
You hit the kobold.
You kill the kobold!
The kobold hits you but does no damage.
You punch the kobold!
You kill the kobold!
No target in view!
No target in view!
No target in view!
No target in view!
No target in view!
No target in view!
No target in view!
No target in view!
No target in view!
No target in view!
No target in view!
No target in view!
No target in view!
No target in view!
No target in view!
No target in view!
No target in view!
No target in view!
No target in view!
Magic restored.
An adder comes into view.
An adder is nearby!
An adder is nearby!
An adder is nearby!
An adder is nearby!
Are you sure you want to abandon this character and quit the game? (Confirm with "yes".)

#?......# ###....
#....... ..........
S##....... ... #....
...>.....# #.# ###..
.........# #.# #..
.#.......# #.# ##.
......)..# #.#######.
#....)..######.#.......
#.....h..........#.####
#..........###.###.#
......<$....†...# #.#
###.................#
####...############
#...# #...# #####


You could see an adder (wandering).

Vanquished Creatures
  An adder (D:2)
  4 endoplasms (D:2)
  2 giant cockroaches
  3 goblins
  3 hobgoblins
  4 jackals (D:1)
  2 quokkas
  3 ball pythons
  3 frilled lizards
  5 kobolds
30 creatures vanquished.

Notes
Turn   | Place    | Note
-------+----------+-------------------------------------------
     0 | D:1      | riojii the Demonspawn Shapeshifter began the quest for the
                  | Orb.
     0 | D:1      | Reached XP level 1. HP: 15/15 MP: 1/1
   205 | D:1      | Discovered your monstrous ancestry.
   205 | D:1      | Gained mutation: You have a small tail. [demonic ancestry]
   205 | D:1      | Reached XP level 2. HP: 14/21 MP: 2/2
   277 | D:1      | Found a faded altar of an unknown god.
   323 | D:1      | Reached skill level 3 in Unarmed Combat
  1020 | D:2      | Gained mutation: You have a pair of small antennae on your
                  | head. [demonic ancestry]
  1020 | D:2      | Reached XP level 3. HP: 26/26 MP: 3/3
  1135 | D:2      | Quit the game

Illustrated notes

Levels and vault maps discovered:
D:1:      doesnt_arrival_eight_statues, layout_basic, serial_forest,
          infiniplex_forest_clump_long, infiniplex_forest_clump_tiny,
          infiniplex_forest_end_1, infiniplex_forest_clump_tiny,
          infiniplex_forest_end_2, infiniplex_forest_side_room,
          infiniplex_forest_lined_2, infiniplex_forest_end_2,
          basic_ecumenical_altar
D:2:      layout_loops_ring, uniq_crazy_yiuf_cottage

Skill      XL: |  1  2 |
---------------+-------+-----
Dodging        | 2 |  2.2
Unarmed Combat | 3 |  3.3
Fighting       | |  1.6
Shapeshifting  | |  2.9

Action                     || total
---------------------------++-------
  Melee: Unarmed           ||    87
         Tailslap          ||     8
         Punch             ||     2
   Stab: Sleeping          ||     1
 Armour: Animal skin       ||    36
  Dodge: Dodged            ||    56

Table legend: (Time is in decaauts)
 A = Elapsed time spent in this place.
 B = Non-inter-level travel time spent in this place.
 C = Inter-level travel time spent in this place.
 D = Time resting spent in this place.
 E = Time spent auto-exploring this place.
 F = Levels seen in this place.
 G = Mean time per level.
                   A        B        C        D        E       F      G
               +--------+--------+--------+--------+--------+-----+--------+
         Total |   1130 |   1121 |      9 |      0 |    937 |   2 |  565.0 |
       Dungeon |   1130 |   1121 |      9 |      0 |    937 |   2 |  565.0 |
               +--------+--------+--------+--------+--------+-----+--------+

Top non-repeatable levels by time:
     D:1: 957 daAuts
     D:2: 173 daAuts
